 Dungeon Crawl Stone Soup version 0.27.0-1-g7a089689b8 (webtiles) character file.

Game seed: 6398177058369055892

28340 snetch the Cleaver (level 13, -25/177 HPs)
             Began as a Minotaur Berserker on Aug 9, 2021.
             Was a High Priest of Trog.
             Annihilated by an orc knight (36 damage)
             ... on level 1 of the Orcish Mines.
             The game lasted 00:51:29 (17952 turns).

snetch the Cleaver (Minotaur Berserker)            Turns: 17952, Time: 00:51:31

Health: -25/177    AC: 18    Str: 27    XL:     13   Next: 9%
Magic:  12/12      EV:  8    Int:  4    God:    Trog [*****.]
Gold:   1041       SH: 16    Dex: 10    Spells: 12/12 levels left

rFire    + . .     SeeInvis +   a - +0 war axe
rCold    + . .     Faith    .   M - +0 kite shield
rNeg     . . .     Spirit   .   t - +2 chain mail {rC+}
rPois    .         Reflect  +   q - +1 hat
rElec    .         Harm     .   p - +0 cloak
rCorr    .         Rampage  .   s - +0 pair of gloves
Will     .....                  (no boots)
Stlth    ..........             E - amulet of reflection
HPRegen  0.39/turn              i - ring of protection from fire
MPRegen  0.13/turn              h - ring of see invisible

@: berserking, very quick
A: horns 2, retaliatory headbutt
a: Renounce Religion, Berserk, Trog's Hand, Brothers in Arms


You were on level 1 of the Orcish Mines.
You worshipped Trog.
Trog was extremely pleased with you.
You visited 3 branches of the dungeon, and saw 16 of its levels.
You also visited: Ossuary.

You collected 1041 gold pieces.

Inventory:

Hand Weapons
 a - a +0 war axe (weapon)
 b - a +5 vorpal eveningstar
 c - a +1 halberd of venom
 d - a +3 scimitar of flaming
Missiles
 j - 298 stones
 y - 56 boomerangs
 z - a throwing net
 G - 3 silver boomerangs
 H - 65 poisoned darts (quivered)
Armour
 p - a +0 cloak (worn)
 q - a +1 hat (worn)
 s - a +0 pair of gloves (worn)
 t - a +2 chain mail of cold resistance (worn)
 M - a +0 kite shield (worn)
Jewellery
 e - a +4 ring of evasion
 h - a ring of see invisible (right hand)
 i - a ring of protection from fire (left hand)
 u - a ring of resist corrosion
 E - an amulet of reflection (around neck)
Wands
 r - a wand of charming (2)
 O - a wand of acid (16)
 T - a wand of polymorph (8)
 U - a wand of flame (32)
 W - a wand of digging (14)
Scrolls
 g - 2 scrolls of fog {unknown}
 l - 2 scrolls of holy word {unknown}
 n - 23 scrolls of identify {unknown}
 x - 5 scrolls of teleportation {unknown}
 D - a scroll of amnesia {unknown}
 I - 2 scrolls of acquirement {unknown}
 J - 3 scrolls of enchant weapon {unknown}
 L - 2 scrolls of magic mapping {unknown}
 N - 3 scrolls of noise {unknown}
 P - a scroll of blinking {unknown}
 Q - 2 scrolls of enchant armour {unknown}
 S - 2 scrolls of vulnerability {unknown}
 V - 2 scrolls of immolation {unknown}
Potions
 f - 7 potions of lignification {unknown}
 k - 7 potions of heal wounds {unknown}
 m - 2 potions of might {unknown}
 o - a potion of haste {unknown}
 v - 9 potions of curing {unknown}
 w - 2 potions of resistance {unknown}
 A - a potion of experience {unknown}
 B - a potion of magic {unknown}
 C - 4 potions of mutation {unknown}
 F - 4 potions of invisibility {unknown}
 K - a potion of attraction {unknown}
 R - 2 potions of degeneration {unknown}
 X - 7 potions of flight {unknown}
 Y - 5 potions of brilliance {unknown}
Miscellaneous
 Z - a phial of floods


   Skills:
 + Level 12.2 Fighting
 + Level 13.6(15.2) Axes
 + Level 12.1(14.5) Maces & Flails
 + Level 0.2 Throwing
 + Level 13.0 Armour
 + Level 4.4 Dodging
 + Level 1.8 Stealth
 + Level 6.4 Shields


You had 12 spell levels left.
You didn't know any spells.
Your spell library contained the following spells:

 Spells                   Type           Power      Damage    Failure   Level
 Animate Skeleton         Necr           0%         N/A       100%        1
 Beastly Appendage        Tmut           0%         N/A       100%        1
 Magic Dart               Conj           0%         1d3       100%        1
 Pain                     Necr           0%         1d4       100%        1
 Searing Ray              Conj           0%         3d3       100%        2
 Wereblood                Tmut           0%         N/A       100%        2
 Inner Flame              Hex/Fire       0%         N/A       100%        3
 Spider Form              Tmut/Pois      0%         N/A       100%        3
 Vampiric Draining        Necr           0%         2d6       100%        3
 Airstrike                Air            0%         N/A       100%        4
 Cause Fear               Hex            0%         N/A       100%        4
 Fulminant Prism          Conj/Hex       0%         3d6       100%        4
 Summon Lightning Spire   Summ/Air       0%         N/A       100%        4
 Alistair's Intoxication  Tmut/Pois      0%         N/A       100%        5
 Borgnjor's Vile Clutch   Necr/Erth      0%         N/A       100%        5
 Lightning Bolt           Conj/Air       0%         1d11      100%        5
 Eringya's Noxious Bog    Tmut/Pois      0%         N/A       100%        6
 Discord                  Hex            0%         N/A       100%        8


Dungeon Overview and Level Annotations

Branches:
Dungeon (13/15)            Temple (1/1) D:6            Lair (0/6) D:8
    Orc (2/2) D:12         Vaults (0/5) D:13        Ossuary (visited)
    Elf: Orc:2

Altars:
Ashenzari
Cheibriados
Dithmenos
Elyvilon
Fedhas
Gozag
Hepliaklqana
Kikubaaqudgha
Makhleb
Nemelex Xobeh
Okawaru
Qazlal
Ru
Sif Muna
Trog
Uskayaw
Vehumet
Wu Jian
Xom
Yredelemnul
Zin
The Shining One
Jiyva

Shops:
D:4 *   D:6 [   D:12 *

Portals:
Trove: D:10 (give +4 shadow dragon scales)

Annotations:
D:3 hatch behind water
D:4 demons behind stone
D:7 eels at a distance, exclusion: 2 doors
D:8 elementals behind stone
D:12 1 runed translucent door


Innate Abilities, Weirdness & Mutations

You have a pair of horns on your head.
You reflexively headbutt those who attack you in melee.


Message History

The orc knight hits you with a +0 great sword!!
The orc hits you with a +0 dagger.
The orc warrior hits you with a +0 dire flail!
The orc wizard mumbles some strange words.
The orc wizard flickers and vanishes for a moment.
You block the orc warrior's attack.
The orc high priest invokes the aid of Beogh against you.
Beogh smites you! The orc hits you but does no damage.
You block the orc warrior's attack.
The orc knight hits you with a +0 dire flail!!
* * * LOW HITPOINT WARNING * * *
You hear a shout!
You climb upwards.
There is a stone staircase leading down, spattered with blood here.
Okay, then.
A red film seems to cover your vision as you go berserk!
You feel yourself moving faster!
You feel mighty! You block the orc's attack. x2
The orc knight barely misses you.
The orc warrior hits you with a +0 dire flail.
* * * LOW HITPOINT WARNING * * *
The orc closely misses you.
The orc warrior hits you with a +0 hand axe.
* * * LOW HITPOINT WARNING * * *
The orc knight hits you with a +0 dire flail!
* * * LOW HITPOINT WARNING * * *
Unknown command.
You slash the orc!
You kill the orc!
Trog accepts your kill.
You barely miss the orc knight. You closely miss the orc knight.
You hit the orc warrior. You slash the orc!
You feel the power of Trog in you as your rage grows.
You kill the orc!
Trog accepts your kill.
You slash the orc!
You kill the orc!
Trog accepts your kill.
You closely miss the orc warrior.
The orc knight hits you with a +0 great sword!!!
You die...

..[)...[..####......##
..[........##.......##
.)......[..#.........#
..........#..........##
.........###..........#
....#....##..........##
............[.........#
.......#.......)o[....#
.#.##.####.....)@o)..##
#.##### ##.....o)o...#
##### #.....).....##
#.≈≈## ##..........##
..≈≈.## #....#......#
..≈≈..## ##..#.......##
≈≈≈†..†######.#.......#
≈≈)...((##.#...#[.....#
≈...(.(.##....).[.....#


You could see 2 orc knights and 2 orc warriors.

Vanquished Creatures
  Azrael (Orc:1)
  A hydra (D:12)
  A vault guard (D:13)
  A boulder beetle (D:13)
  A catoblepas (D:9)
  3 two-headed ogres
  An orc high priest (Orc:1)
  2 wizards (D:13)
  A necromancer (D:13)
  An ugly thing (D:11)
  A deep elf pyromancer (D:12)
  4 cyclopes
  A gargoyle (D:12)
  2 unseen horrors (D:12)
  2 efreet (D:13)
  2 komodo dragons
  4 trolls
  A hornet (D:8)
  4 slime creatures (D:12)
  A wyvern (D:8)
  A water elemental (D:13)
  23 yaks
  17 humans (D:13)
  2 fire elementals (Orc:1)
  A steam dragon (D:9)
  11 vampire mosquitoes
  Menkaure (Ossuary)
  2 wargs (Orc:1)
  4 acid dragons
  5 hell hounds
  14 orc warriors
  2 sky beasts (D:6)
  An ice beast (D:6)
  A necrophage (D:6)
  8 ogres
  A phantom (D:5)
  A centaur (D:9)
  A kobold brigand (D:8)
  4 bullfrogs
  2 gnoll sergeants (D:9)
  3 scorpions
  A water moccasin skeleton (D:4)
  4 howler monkeys (D:10)
  8 wights (D:8)
  2 centaur zombies
  A hound (D:4)
  A bullfrog skeleton (D:6)
  2 jellies
  An iguana (D:5)
  12 orc priests
  Jessica (D:2)
  Crazy Yiuf (D:2)
  Ijyb (D:2)
  15 orc wizards
  Terence (D:3)
  A killer bee zombie (D:6)
  A hound skeleton (D:4)
  4 mummies
  3 howler monkey zombies
  8 gnolls
  9 adders
  3 white imps
  An ufetubus (D:6)
  2 adder skeletons
  A worm (D:3)
  A dart slug (D:1)
  48 orcs
  5 endoplasms
  2 giant cockroaches
  4 gnoll zombies (Ossuary)
  10 goblins
  6 hobgoblins
  7 jackals
  2 quokkas
  3 ball pythons
  7 bats
  3 frilled lizards
  4 gnoll skeletons (Ossuary)
  6 goblin skeletons (Ossuary)
  4 goblin zombies (Ossuary)
  3 hobgoblin skeletons (Ossuary)
  4 hobgoblin zombies (Ossuary)
  8 kobolds
  2 kobold skeletons (Ossuary)
  3 kobold zombies (Ossuary)
  2 orc skeletons (Ossuary)
  7 orc zombies (Ossuary)
  7 rats
  8 rat skeletons (Ossuary)
  3 rat zombies (Ossuary)
383 creatures vanquished.

Vanquished Creatures (collateral kills)
  A vault guard (D:13)
  A human (D:13)
  6 orc warriors (Orc:1)
  An orc priest (Orc:1)
  3 orcs (Orc:1)
12 creatures vanquished.

Vanquished Creatures (others)
  A gnoll (D:9)
  2 orcs (Orc:2)
3 creatures vanquished.

Grand Total: 398 creatures vanquished

Notes
Turn   | Place    | Note
-------+----------+-------------------------------------------
     0 | D:1      | snetch the Minotaur Berserker began the quest for the Orb.
     0 | D:1      | Reached XP level 1. HP: 19/19 MP: 0/0
   329 | D:2      | Reached XP level 2. HP: 27/27 MP: 1/1
   719 | D:2      | Noticed Jessica
   735 | D:2      | Killed Jessica
   736 | D:2      | Reached XP level 3. HP: 26/34 MP: 2/2
  1321 | D:2      | Reached ** piety under Trog
  1473 | D:2      | Reached XP level 4. HP: 41/41 MP: 3/3
  1671 | D:2      | Found a faded altar of an unknown god.
  1747 | D:2      | Found a runed translucent door.
  1748 | D:2      | Noticed Crazy Yiuf
  1753 | D:2      | Killed Crazy Yiuf
  1850 | D:2      | Reached skill level 1 in Maces & Flails
  2000 | D:2      | Noticed Ijyb
  2024 | D:2      | Killed Ijyb
  2040 | D:2      | Reached XP level 5. HP: 36/47 MP: 4/4
  2176 | D:3      | Found a hide-covered altar of Uskayaw.
  2224 | D:3      | Noticed an ogre
  2232 | D:3      | Killed an ogre
  2233 | D:3      | Reached XP level 6. HP: 34/53 MP: 5/5
  2265 | D:3      | Noticed Terence
  2402 | D:3      | Killed Terence
  2415 | D:3      | Found a shimmering blue altar of Sif Muna.
  2662 | D:3      | Found a shadowy altar of Dithmenos.
  2892 | D:3      | Found a blossoming altar of Fedhas.
  3574 | D:4      | Reached skill level 5 in Armour
  3692 | D:4      | Found Ladd's Elemental Accessories.
  3819 | D:4      | Reached skill level 5 in Fighting
  4069 | D:5      | Entered Level 5 of the Dungeon
  4079 | D:5      | Reached XP level 7. HP: 61/61 MP: 6/6
  4105 | D:4      | Found a sacrificial altar of Ru.
  4137 | D:4      | Reached *** piety under Trog
  4150 | D:4      | Found a burning altar of Makhleb.
  4154 | D:4      | Noticed a blizzard demon
  4158 | D:4      | Noticed a hellwing
  4158 | D:4      | Noticed a ynoxinul
  4179 | D:4      | Reached skill level 5 in Maces & Flails
  4730 | D:6      | Reached XP level 8. HP: 53/70 MP: 7/7
  4759 | D:6      | Reached skill level 5 in Axes
  4916 | D:6      | Found Baver's Armour Shop.
  5401 | D:6      | Found a staircase to the Ecumenical Temple.
  5412 | Temple   | Entered the Ecumenical Temple
  6089 | D:5      | Found an iron altar of Okawaru.
  6098 | D:5      | Found a broken altar of Ashenzari.
  6391 | D:7      | Found a radiant altar of Vehumet.
  6457 | D:8      | Found a white marble altar of Elyvilon.
  6544 | D:8      | Found an opulent altar of Gozag.
  6673 | D:8      | Found a staircase to the Lair.
  6706 | D:8      | Found a sand-covered staircase.
  6710 | D:8      | Reached **** piety under Trog
  6711 | D:8      | Reached XP level 9. HP: 78/78 MP: 8/8
  6714 | Ossuary  | Entered an ossuary
  6963 | Ossuary  | Reached ***** piety under Trog
  6990 | Ossuary  | Noticed Menkaure
  7002 | Ossuary  | Killed Menkaure
  7320 | D:8      | Received a gift from Trog
  7776 | D:7      | Noticed a cyclops
  7797 | D:7      | Killed a cyclops
  7798 | D:7      | Reached skill level 10 in Maces & Flails
  8601 | D:8      | Found a stormy altar of Qazlal.
  9115 | D:8      | Noticed a cyclops
  9121 | D:8      | Killed a cyclops
  9122 | D:8      | Reached XP level 10. HP: 89/89 MP: 9/9
  9332 | D:8      | Noticed a cyclops
  9340 | D:8      | Killed a cyclops
  9700 | D:9      | Noticed a catoblepas
  9704 | D:9      | Noticed a two-headed ogre
  9712 | D:9      | Killed a catoblepas
  9713 | D:9      | Reached skill level 1 in Stealth
 10052 | D:8      | Killed a two-headed ogre
 10053 | D:8      | Reached skill level 10 in Armour
 10523 | D:9      | Found a faded altar of an unknown god.
 10525 | D:9      | Found a hazy altar of Hepliaklqana.
 10757 | D:10     | Entered Level 10 of the Dungeon
 11001 | D:10     | Reached skill level 1 in Shields
 11315 | D:10     | Found a portal to a secret trove of treasure.
 11626 | D:10     | Reached XP level 11. HP: 99/99 MP: 10/10
 11631 | D:10     | Reached skill level 10 in Fighting
 12277 | D:11     | Reached skill level 10 in Axes
 12502 | D:11     | Noticed a brown ugly thing
 12519 | D:11     | Killed a brown ugly thing
 12891 | D:12     | Noticed a six-headed hydra
 12907 | D:12     | Killed a six-headed hydra
 13751 | D:12     | Found a staircase to the Orcish Mines.
 14145 | D:12     | Noticed a two-headed ogre
 14145 | D:12     | Noticed a deep elf pyromancer
 14174 | D:12     | Killed a two-headed ogre
 14514 | D:12     | Killed a deep elf pyromancer
 14622 | D:12     | Found a runed translucent door.
 14622 | D:12     | Noticed a frost giant
 14622 | D:12     | Noticed a death knight
 14623 | D:12     | Identified the +6 spear of the Common Good {pain, Fly rPois
                  | Int+3 Stlth-}
 14623 | D:12     | Noticed a harpy
 14623 | D:12     | Noticed a skeletal warrior
 14769 | D:12     | Noticed a two-headed ogre
 14776 | D:12     | Killed a two-headed ogre
 14855 | D:12     | Reached XP level 12. HP: 99/108 MP: 11/11
 15022 | D:12     | Found Huybba's Assorted Antiques.
 15149 | D:13     | Noticed a boulder beetle
 15168 | D:13     | Killed a boulder beetle
 15527 | D:12     | Noticed a spark wasp
 15596 | D:12     | Noticed a bunyip
 16286 | D:13     | Reached skill level 5 in Shields
 16475 | D:13     | Found a gate to the Vaults.
 16475 | D:13     | Noticed a vault guard
 16475 | D:13     | Noticed a vault guard
 16483 | D:13     | Killed a vault guard
 16496 | D:13     | Killed a vault guard
 16664 | Orc:1    | Entered Level 1 of the Orcish Mines
 16666 | Orc:1    | Noticed an orc high priest
 16687 | Orc:1    | Killed an orc high priest
 17331 | Orc:2    | Entered Level 2 of the Orcish Mines
 17380 | Orc:2    | Noticed Azrael
 17619 | Orc:1    | Killed Azrael
 17620 | Orc:1    | Reached XP level 13. HP: 118/118 MP: 12/12
 17776 | Orc:1    | Received a gift from Trog
 17952 | Orc:1    | Annihilated by an orc knight

Illustrated notes

Levels and vault maps discovered:
D:1:      eino_arrival_cavern_a, layout_basic, minmay_misc_feat_iff
D:2:      kennysheep_the_goblin_king, layout_loops_ring,
          ebering_ecumenical_altar_abandoned, uniq_jessica,
          uniq_crazy_yiuf_cottage
D:3:      layout_loops_corners, mainiacjoe_overflow_concentric_impassable,
          mainiacjoe_overflow_small_starburst, general_overflow_altar,
          led_sif_pool, minmay_cupped, uniq_terence
D:4:      layout_cave_pools, makhleb_altar_promises_db, old_standard_altar,
          nicolae_elemental_shop
D:5:      layout_cave_pools, minitemple
D:6:      layout_basic, minmay_temple_entry_fiery, serial_shops,
          nicolae_shop_waterfront
D:7:      cheibrodos_two_vegetables, layout_loops_ring,
          nicolae_overflow_crystal_walls
D:8:      layout_gridville, mainiacjoe_overflow_cross_hatched,
          grunt_gozag_statues, nicolae_qazlal_style_of_elements,
          lair_entry_dummy, gup_ossuary_entry_pyramid, fungi_pond_lemuel,
          minmay_three_doors
D:9:      layout_cross, beargit_hepliaklqana_dungeon_heroes
D:10:     layout_gridville, enter_trove_1, columned_hall_lemuel,
          minmay_splitting_lines
D:11:     layout_basic, minmay_misc_feat_columns, hex_intersection,
          minmay_microvault
D:12:     layout_loops_cross, orc_0_dummy, serial_shops, shop, minmay_st_funbox
D:13:     layout_basic, grunt_vaults_entry_tiered
Temple:   pf_slime_end_temple
Orc:1:    layout_caves, basic_altar, mines_bat_river
Orc:2:    pf_orc_diabolical, layout_caves, basic_altar, uniq_azrael

Skill      XL: |  1  2  3  4  5  6  7  8  9 10 11 12 |
---------------+-------------------------------------+-----
Fighting       | 4 5 6 8 9 10 12 | 12.2
Axes           | 4 5 6 9 11 13 | 13.6
Armour         | 4 5 6 8 9 10 12 13 | 13.0
Maces & Flails | 1 3 4 6 8 11 12 | 12.1
Dodging        | 3 4 |  4.4
Stealth        | 1 |  1.8
Shields        | 2 4 6 |  6.4
Throwing       | |  0.2

Action                   |  1- 3 |  4- 6 |  7- 9 | 10-12 | 13-15 || total
-------------------------+-------+-------+-------+-------+-------++-------
Melee: Hand axe          |    31 |       |       |       |       ||    31
       Headbutt          |     8 |    13 |    58 |   119 |     8 ||   206
       Morningstar       |    27 |   149 |   270 |     8 |       ||   454
       War axe           |       |       |    29 |   336 |    40 ||   405
       Battleaxe         |       |       |       |    50 |       ||    50
       Flail             |       |       |       |   133 |       ||   133
Throw: Dart              |       |       |       |     4 |       ||     4
Invok: Berserk           |       |     2 |       |    11 |     1 ||    14
       Trog's Hand       |       |     2 |     2 |     4 |     1 ||     9
       Brothers in Arms  |       |       |       |     3 |       ||     3
 Stab: Petrified         |       |       |       |     2 |       ||     2
       Petrifying        |       |       |       |     1 |       ||     1
Armor: Chain mail        |    31 |   137 |   143 |   335 |    19 ||   665
       Animal skin       |     1 |       |       |       |       ||     1
Dodge: Dodged            |    22 |    77 |   124 |   211 |    15 ||   449
Block: Buckler           |       |       |       |    93 |       ||    93
       Kite shield       |       |       |       |   168 |    49 ||   217
       Reflection        |       |       |       |     3 |     1 ||     4
